 Dungeon Crawl Stone Soup version 0.20.1-1-g8b1a95d (webtiles) character file.

8006 homeworkjunkie the Cleaver (level 11, -6/95 HPs)
             Began as a Hill Orc Fighter on Dec 16, 2017.
             Was a Believer of Okawaru.
             Mangled by a two-headed ogre
             ... wielding a cursed +0 giant club
              (7 damage)
             ... on level 8 of the Dungeon.
             The game lasted 00:15:02 (8622 turns).

homeworkjunkie the Cleaver (Hill Orc Fighter)       Turns: 8622, Time: 00:15:02

Health: -6/95      AC: 23    Str: 24    XL:     11   Next: 24%
Magic:  12/12      EV: 10    Int:  8    God:    Okawaru [**....]
Gold:   620        SH:  7    Dex: 11    Spells: 10/10 levels left

rFire    . . .     SeeInvis .   a - +4 war axe
rCold    . . .     Gourm    .   r - +1 buckler {AC+3}
rNeg     . . .     Faith    .   e - +0 plate armour
rPois    .         Spirit   .   (no helmet)
rElec    .         Reflect  .   (no cloak)
rCorr    .         Harm     .   C - +0 pair of gloves
MR       .....                  w - +0 pair of boots
Stlth    ..........             (no amulet)
Regen    0.3/turn               g - +2 ring of protection
MPRegen  0.2/turn               p - +3 ring of evasion

@: no status effects
A: icy blue scales 1, strong 1, wild magic 1
a: Heroism, Renounce Religion


You were on level 8 of the Dungeon.
You worshipped Okawaru.
Okawaru was pleased with you.
You were not hungry.

You visited 2 branches of the dungeon, and saw 11 of its levels.
You also visited: Sewer.

You collected 620 gold pieces.

Inventory:

Hand Weapons
 a - a +4 war axe (weapon)
 c - a cursed +3 battleaxe of freezing
Armour
 e - a +0 plate armour (worn)
 r - a +1 buckler of protection (worn)
 w - a +0 pair of boots (worn)
 C - a +0 pair of gloves (worn)
Jewellery
 g - a +2 ring of protection (left hand)
 p - a +3 ring of evasion (right hand)
 x - an uncursed ring of ice
 y - an uncursed ring of poison resistance
 A - an uncursed ring of resist corrosion
Wands
 f - a wand of clouds (2/9)
 l - a wand of digging (8/24)
 o - a wand of iceblast (8/15)
 B - a wand of acid (7/15)
 D - a wand of flame (13/48)
 E - a wand of disintegration (9/24)
Scrolls
 i - a scroll of fog
 k - 4 scrolls of recharging
 m - a scroll of blinking
 q - 3 scrolls of remove curse
 s - 2 scrolls of teleportation
 z - a scroll of magic mapping
Potions
 b - 9 potions of curing
 d - 2 potions of might
 j - 8 potions of heal wounds
 n - 5 potions of brilliance
 u - 2 potions of mutation
 v - 2 potions of haste
Comestibles
 h - 5 bread rations
 t - a meat ration


   Skills:
 * Level 8.9 Fighting
 * Level 14.3 Axes
 * Level 7.9 Armour
 + Level 1.0 Dodging
 + Level 2.1 Stealth
 * Level 9.0 Shields
 * Level 2.5 Evocations


You had 10 spell levels left.
You didn't know any spells.

Dungeon Overview and Level Annotations

Branches:
Dungeon (10/15)            Temple (1/1) D:6            Lair (0/6) D:8
    Orc: D:9-12

Altars:
Ashenzari
Cheibriados
Dithmenos
Elyvilon
Gozag
Hepliaklqana
Kikubaaqudgha
Makhleb
Nemelex Xobeh
Okawaru
Qazlal
Ru
Sif Muna
Trog
Uskayaw
Vehumet
Xom
Yredelemnul
Zin
The Shining One
Lugonu

Shops:
D:5 !?}   D:6 *


Innate Abilities, Weirdness & Mutations

You are partially covered in icy blue scales. (AC +2)
Your muscles are strong. (Str +2)
Your spells are a little harder to cast, but a little more powerful.


Message History

You hit the centaur. The centaur misses you.
Your plate armour prevents you from hitting the two-headed ogre.
The two-headed ogre is moderately wounded.
You hit the centaur. You block the centaur's attack.
The two-headed ogre hits you with a giant club!
* * * LOW HITPOINT WARNING * * *
The two-headed ogre hits you but does no damage.
You slash the two-headed ogre!
The two-headed ogre is heavily wounded.
You barely miss the centaur.
The centaur hits you but does no damage.
You slash the two-headed ogre!
The two-headed ogre is severely wounded.
You slash the centaur!
You kill the centaur!
Okawaru accepts your kill.
The two-headed ogre hits you with a giant club!
* * * LOW HITPOINT WARNING * * *
The two-headed ogre hits you with a giant club!
You die...

#.# #.######## #.# #.# #.#
####.# #.# #.# #....# #.#
#.#### #.#### #.# #.##># #.#
#.# #.##.### #.# ### #.#
######.##...###.# ##.. #.#
#..........#.##.# ##... #.#
#.####@##.###.#.###.... ###.#
#....)O#.## ##.........
#...####.......#.###.#.###....
#...[.....#.##.##.#.##.# ##...
#..#####....##.###..##.# ##.#
#..# #.#####......##.#####[#
#..# #.#####.####.##.....)).
#..# #......))....######.#..
#..# #.###..[)####### #.#..


You could see a two-headed ogre.

Vanquished Creatures
  A two-headed ogre (D:8)
  The ghost of Lanoc the Skirmisher, a novice DsWn of Makhleb (D:6)
  Eustachio (D:5)
  11 yaks
  A hungry ghost (D:7)
  The ghost of dstrtn the Sneak, an amateur VSAs (D:4)
  A water moccasin (D:9)
  3 sky beasts
  3 ice beasts
  A black bear (D:9)
  2 ogres
  An orc warrior (D:8)
  2 phantoms
  A necrophage (D:5)
  4 centaurs
  7 bullfrogs
  7 big kobolds
  A water moccasin skeleton (D:5)
  A scorpion (D:7)
  6 killer bees (D:9)
  5 wights (D:9)
  3 centaur zombies
  2 howler monkeys (D:7)
  2 crimson imps
  5 bullfrog skeletons
  7 hounds
  A centaur skeleton (D:9)
  6 orc priests
  A gnoll shaman (D:5)
  An iguana (D:7)
  5 orc wizards
  10 worker ants
  3 worker ant zombies
  12 adders
  16 gnolls
  A howler monkey skeleton (D:9)
  A shadow imp (D:5)
  3 oozes
  2 worms (D:3)
  A dart slug (D:3)
  8 leopard geckos
  19 orcs
  13 giant cockroaches
  7 goblins
  7 hobgoblins
  15 jackals
  3 quokkas
  A ball python (Sewer)
  14 bats
  10 frilled lizards
  A jackal skeleton (D:4)
  25 kobolds
  A leopard gecko zombie (D:7)
  A quokka zombie (D:9)
  6 rats
274 creatures vanquished.

Notes
Turn   | Place    | Note
-------+----------+-------------------------------------------
     0 | D:1      | homeworkjunkie the Hill Orc Fighter began the quest for the Orb.
     0 | D:1      | Reached XP level 1. HP: 19/19 MP: 1/1
    67 | D:1      | Reached XP level 2. HP: 19/27 MP: 2/2
   105 | D:2      | Reached skill level 3 in Axes
   373 | D:2      | Found a glowing golden altar of the Shining One.
   399 | D:2      | Reached XP level 3. HP: 33/33 MP: 3/3
   604 | D:3      | Reached XP level 4. HP: 26/40 MP: 4/4
   807 | D:3      | Found a faded altar of an unknown god.
   825 | D:3      | Reached skill level 4 in Axes
   845 | D:3      | Reached XP level 5. HP: 25/46 MP: 5/5
  1284 | D:4      | Reached skill level 5 in Axes
  1294 | D:4      | Reached XP level 6. HP: 45/53 MP: 6/6
  1336 | D:4      | Noticed a phantom
  1367 | D:4      | Killed a phantom
  1367 | D:4      | Reached skill level 6 in Axes
  1367 | D:4      | Reached skill level 5 in Shields
  1392 | D:5      | Entered Level 5 of the Dungeon
  1623 | D:4      | Found a glowing drain.
  1642 | Sewer    | Entered a sewer
  1701 | Sewer    | Reached XP level 7. HP: 42/60 MP: 7/7
  1886 | Sewer    | Reached skill level 5 in Fighting
  1886 | Sewer    | Reached skill level 7 in Axes
  2192 | D:4      | Reached skill level 8 in Axes
  2192 | D:4      | Reached skill level 5 in Armour
  2192 | D:4      | Reached XP level 8. HP: 45/68 MP: 8/8
  2330 | D:4      | Noticed dstrtn's ghost (amateur VSAs)
  2347 | D:4      | Killed dstrtn's ghost
  2563 | D:3      | Reached skill level 9 in Axes
  4173 | D:5      | Gained mutation: Your spells are a little harder to cast, but a little more powerful. [potion of mutation]
  4173 | D:5      | Gained mutation: You are partially covered in icy blue scales. (AC +2) [potion of mutation]
  4173 | D:5      | Gained mutation: Your muscles are strong. (Str +2) [potion of mutation]
  4359 | D:5      | Found Axkyl's Magic Scroll Emporium.
  4442 | D:5      | Found a hazy altar of Hepliaklqana.
  4443 | D:5      | Reached skill level 10 in Axes
  4457 | D:5      | Reached XP level 9. HP: 68/78 MP: 9/9
  4458 | D:5      | Found Neipiani's Distillery.
  4500 | D:5      | Found Sirujikk's Gadget Shop.
  4847 | D:5      | Noticed Eustachio
  4861 | D:5      | Killed Eustachio
  4961 | D:6      | Reached skill level 11 in Axes
  4965 | D:6      | Noticed Lanoc's ghost (novice DsWn)
  5362 | D:6      | Killed Lanoc's ghost
  5411 | D:6      | Found a shadowy altar of Dithmenos.
  5514 | D:7      | Found a glowing silver altar of Zin.
  5713 | D:6      | Found Onic's General Store.
  5750 | D:6      | Found a staircase to the Ecumenical Temple.
  5757 | Temple   | Entered the Ecumenical Temple
  6267 | D:7      | Found a hide-covered altar of Uskayaw.
  6330 | D:7      | Reached XP level 10. HP: 86/86 MP: 10/10
  6395 | D:7      | Found a radiant altar of Vehumet.
  6467 | D:7      | Found a bloodstained altar of Trog.
  6524 | D:7      | Found a burning altar of Makhleb.
  6524 | D:7      | Found a shadowy altar of Dithmenos.
  6524 | D:7      | Found an ancient bone altar of Kikubaaqudgha.
  6526 | D:7      | Found a stormy altar of Qazlal.
  6529 | D:7      | Found a sacrificial altar of Ru.
  6548 | D:7      | Reached skill level 12 in Axes
  7379 | D:8      | Found a staircase to the Lair.
  7621 | D:8      | Noticed a two-headed ogre
  7629 | D:8      | Killed a two-headed ogre
  7629 | D:8      | Reached skill level 13 in Axes
  8046 | D:10     | Entered Level 10 of the Dungeon
  8050 | D:9      | Noticed a two-headed ogre
  8084 | D:10     | Reached skill level 1 in Dodging
  8424 | D:9      | Found a shattered altar of Ashenzari.
  8462 | D:9      | Found an iron altar of Okawaru.
  8462 | D:9      | Found a basalt altar of Yredelemnul.
  8477 | D:9      | Became a worshipper of Warmaster Okawaru
  8493 | D:9      | Reached skill level 1 in Evocations
  8497 | D:9      | Reached * piety under Okawaru
  8497 | D:9      | Reached skill level 1 in Stealth
  8500 | D:9      | Reached XP level 11. HP: 72/95 MP: 10/12
  8503 | D:9      | Reached skill level 14 in Axes
  8601 | D:9      | Reached ** piety under Okawaru
  8622 | D:8      | HP: 1/95 [two-headed ogre/giant club (16)]
  8622 | D:8      | Mangled by a two-headed ogre

Skill      XL: |  1  2  3  4  5  6  7  8  9 10 11 |
---------------+----------------------------------+-----
Axes           | 3 4 5 6 8 10 11 13 14 | 14.3
Fighting       | 4 5 6 7 8 |  8.9
Shields        | 4 5 6 8 9 |  9.0
Armour         | 4 5 6 7 |  7.9
Dodging        | 1 |  1.0
Evocations     | 1 2 |  2.5
Stealth        | 1 2 |  2.1

Action                   |  1- 3 |  4- 6 |  7- 9 | 10-12 || total
-------------------------+-------+-------+-------+-------++-------
Melee: War axe           |   100 |   147 |   480 |   252 ||   979
Evoke: Wand              |       |     1 |       |       ||     1
  Use: Potion            |     2 |     3 |     7 |     3 ||    15
       Scroll            |     2 |     2 |     8 |     9 ||    21
 Stab: Distracted        |       |       |     1 |       ||     1
       Invisible         |       |       |       |    12 ||    12
  Eat: Bread ration      |       |     1 |       |     1 ||     2
       Royal jelly       |       |       |     3 |       ||     3
       Meat ration       |       |       |     2 |     1 ||     3
       Fruit             |       |       |     3 |       ||     3
Armor: Scale mail        |    50 |       |       |       ||    50
       Plate armour      |    31 |    95 |   271 |    97 ||   494
Dodge: Dodged            |    35 |    38 |   138 |   111 ||   322
Block: Shield            |    78 |   102 |   274 |    37 ||   491
       Buckler           |       |       |       |    63 ||    63
